 Dungeon Crawl Stone Soup version 0.17-a0-1210-g1e4f09d (webtiles) character file.

239 veccon the Covered (level 5, -12/47 HPs)
             Began as a Minotaur Fighter on June 4, 2015.
             Mangled by an ogre
             ... wielding a +0 giant club
              (14 damage)
             ... on level 4 of the Dungeon.
             The game lasted 00:11:22 (3117 turns).

veccon the Covered (Minotaur Fighter)               Turns: 3117, Time: 00:11:22

Health: -12/47     AC: 12    Str: 25    XL:     5   Next: 79%
Magic:  4/4        EV:  5    Int:  5    God:
Gold:   123        SH: 10    Dex:  9    Spells: 0 memorised, 4 levels left

rFire  . . .     SeeInvis .     a - +0 trident
rCold  . . .     Clarity  .     k - +0 plate armour
rNeg   . . .     SustAt   .     c - +0 shield
rPois  .         Gourm    .     (helmet restricted)
rElec  .         Spirit   .     (no cloak)
rCorr  .         Warding  .     (no gloves)
rMut   .         Stasis   .     (no boots)
MR     .....                    (no amulet)
Stlth  ..........               (no ring)
                                i - +3 ring of strength

@: hasted, very quick, not resistant to hostile enchantments, extremely
unstealthy
A: retaliatory headbutt, horns 2
a: no special abilities


You were on level 4 of the Dungeon.
You were not hungry.

You visited 1 branch of the dungeon, and saw 4 of its levels.

You collected 123 gold pieces.

Inventory:

Hand weapons
 a - a +0 trident (weapon)
Armour
 b - a +0 scale mail
 c - a +0 shield (worn)
 k - a +0 plate armour (worn)
Jewellery
 h - an uncursed amulet of resist mutation
 i - a +3 ring of strength (left hand)
Scrolls
 f - a scroll of remove curse
 g - 2 scrolls of teleportation
Potions
 d - 3 potions of might
Comestibles
 e - a bread ration


   Skills:
 + Level 4.4 Fighting
 + Level 3.3 Polearms
 + Level 5.2 Armour
 + Level 2.1 Dodging
 + Level 0.6 Stealth
 + Level 5.1 Shields


You had 4 spell levels left.
You didn't know any spells.

Dungeon Overview and Level Annotations

Branches:
Dungeon (4/15)
 Temple: D:4-7

Altars:
Ashenzari
Dithmenos


Innate Abilities, Weirdness & Mutations

You reflexively headbutt those who attack you in melee.
You have a pair of horns on your head.


Message History

You block the ogre's attack. The ogre hits you with a giant club!
The hobgoblin hits you but does no damage.
You hit the ogre but do no damage.
The ogre is almost dead.
The ogre hits you with a giant club! The hobgoblin hits you.
The ogre barely misses you.
You puncture the ogre!
You kill the ogre!
Your Armour skill increases to level 5!
Your Shields skill increases to level 5!
You block the hobgoblin's attack. The ogre hits you with a giant club!
* * * LOW HITPOINT WARNING * * *
The hobgoblin hits you.
* * * LOW HITPOINT WARNING * * *
You see here a giant club.
Unknown command.
Drink which item? (? for menu, Esc to quit)
It was a potion of haste.
You feel yourself speed up. The ogre hits you with a giant club!
You die...

..#......
..'..[..
..#....#
#.#..<.+
######.#....#
#......#....#
#......#.<..+
+....Og'....#
####..@#....#
###+#....+
+....#
#......
........
.........
.....##+#


You could see an ogre and a hobgoblin.

Vanquished Creatures
  An ogre (D:4)
  Jessica (D:3)
  Terence (D:3)
  4 gnolls (D:3)
  3 adders
  A worm (D:2)
  A giant gecko (D:2)
  2 orcs (D:3)
  5 bats
  3 giant cockroaches
  4 goblins
  5 hobgoblins
  A quokka (D:3)
  2 ball pythons
  4 giant newts
  4 kobolds (D:2)
  5 rats (D:2)
47 creatures vanquished.

Notes
Turn   | Place    | Note
--------------------------------------------------------------
     0 | D:1      | veccon the Minotaur Fighter began the quest for the Orb.
     0 | D:1      | Reached XP level 1. HP: 19/19 MP: 0/0
   325 | D:1      | Reached XP level 2. HP: 27/27 MP: 1/1
   976 | D:2      | Reached skill level 4 in Armour
  1134 | D:2      | Reached XP level 3. HP: 9/33 MP: 2/2
  1149 | D:2      | HP: 2/49 [poisoned by a kobold]
  1157 | D:2      | HP: 2/49 [poisoned by a kobold]
  1763 | D:2      | Reached skill level 1 in Dodging
  2077 | D:3      | Found a shattered altar of Ashenzari.
  2289 | D:3      | Noticed Jessica
  2299 | D:3      | Killed Jessica
  2299 | D:3      | Reached XP level 4. HP: 30/40 MP: 3/3
  2351 | D:3      | HP: 2/40 [poisoned by a gnoll]
  2596 | D:3      | Found a shadowy altar of Dithmenos.
  3056 | D:3      | Noticed Terence
  3069 | D:3      | Killed Terence
  3069 | D:3      | Reached XP level 5. HP: 46/46 MP: 4/4
  3099 | D:4      | Noticed an ogre
  3108 | D:4      | Noticed an ogre
  3115 | D:4      | Killed an ogre
  3115 | D:4      | Reached skill level 5 in Armour
  3115 | D:4      | Reached skill level 5 in Shields
  3116 | D:4      | HP: 2/47 [hobgoblin (1)]
  3117 | D:4      | Mangled by an ogre

Vault maps used:
D:1:      dpeg_arrival_tiny_e, kennysheep_flooded_box
D:3:      lemuel_upstairs_altar, nicolae_overflow_hidden_temple,
          cheibrodos_ashenzari_chains, uniq_terence, uniq_jessica
D:4:      minmay_temple_entry_large_hall, first_bread, serial_shops,
          nicolae_shop_trees, guppyfry_early_lair_pool, uniq_blork_the_orc,
          uniq_menkaure

Action                   |  1- 3 |  4- 6 || total
-------------------------+-------+-------++-------
Melee: Trident           |   113 |    47 ||   160
  Use: Potion            |     1 |     3 ||     4
       Scroll            |       |     5 ||     5
  Eat: Meat ration       |     1 |     1 ||     2
